 Dungeon Crawl Stone Soup version 0.26-a0-1025-g006ef2cfcc (webtiles) character file.

Game seed: 3770578894928909405

7920 KristoblXynda the Grappler (level 11, 0/88 HPs)
             Began as a Troll Hedge Wizard on Dec 9, 2020.
             Slain by a red ugly thing (22 damage)
             ... on level 10 of the Dungeon.
             The game lasted 00:18:42 (10313 turns).

KristoblXynda the Grappler (Troll Hedge Wizard)    Turns: 10313, Time: 00:18:43

Health: 0/88       AC: 10    Str: 20    XL:     11   Next: 3%
Magic:  13/13      EV: 19    Int: 12    God:
Gold:   455        SH:  0    Dex: 16    Spells: 7/14 levels left

rFire    . . .     SeeInvis .     - Unarmed
rCold    . . .     Faith    .   (no shield)
rNeg     . . .     Spirit   .   e - +0 steam dragon scales
rPois    .         Reflect  .   c - +1 hat
rElec    .         Harm     .   s - scarf {repulsion}
rCorr    .         Rampage  .   (gloves unavailable)
Will     .....                  (boots unavailable)
Stlth    ++........             (no amulet)
HPRegen  0.64/turn              o - +4 ring of evasion
MPRegen  0.13/turn              l - +6 ring of dexterity

@: repel missiles
A: large, unfitting armour, claws 3, regeneration 1, shaggy fur 1, tough skin 3
a: no special abilities


You were on level 10 of the Dungeon.
You visited 2 branches of the dungeon, and saw 11 of its levels.

You collected 620 gold pieces.
You spent 165 gold pieces at shops.

Inventory:

Hand Weapons
 h - a +0 flail of draining
Armour
 b - a +2 cloak
 c - a +1 hat (worn)
 e - +0 steam dragon scales (worn)
 s - a scarf of repulsion (worn)
 x - +0 fire dragon scales
Jewellery
 l - a +6 ring of dexterity (right claw)
 o - a +4 ring of evasion (left claw)
 u - an uncursed ring of magical power
Scrolls
 f - 2 scrolls of teleportation
 g - 5 scrolls of fog
 j - a scroll of holy word {unknown}
 t - 2 scrolls of amnesia
 w - 3 scrolls of remove curse
 y - a scroll of blinking
Potions
 a - 3 potions of magic
 d - 2 potions of curing
 i - 2 potions of attraction
 k - a potion of berserk rage
 m - a potion of mutation {unknown}
 n - 2 potions of invisibility
 q - a potion of ambrosia
 r - a potion of flight {unknown}
 v - a potion of haste
 z - a potion of brilliance {unknown}


   Skills:
 + Level 8.5 Dodging
 - Level 1.0 Stealth
 + Level 9.8 Unarmed Combat
 - Level 2.0 Spellcasting
 + Level 7.6 Conjurations
 - Level 0.6 Summonings
 - Level 0.6 Translocations


You had 7 spell levels left.
You knew the following spells:

 Your Spells              Type           Power        Failure   Level
a - Magic Dart            Conj           ###.         1%          1
b - Conjure Flame         Conj/Fire      ##......     17%         3
c - Mephitic Cloud        Conj/Pois/Air  #.......     28%         3

Your spell library contained the following spells:

 Spells                   Type           Power        Failure   Level
 Animate Skeleton         Necr           #.....       26%         1
 Pain                     Necr           #...         26%         1
 Blink                    Tloc           N/A          32%         2
 Call Imp                 Summ           #.......     32%         2
 Iskenderun's Battlesphe  Conj           ###.....     32%         5
 Slow                     Hex            #.......     38%         2
 Vampiric Draining        Necr           #.........   63%         3
 Animate Dead             Necr           #.........   95%         4
 Bolt of Magma            Conj/Fire/Erth #.........   95%         5
 Agony                    Necr           #.......     100%        5
 Iron Shot                Conj/Erth      ##........   100%        6
 Orb of Destruction       Conj           ###.......   100%        7
 Spellforged Servitor     Conj/Summ      ##........   100%        7


Dungeon Overview and Level Annotations

Branches:
Dungeon (10/15)            Temple (1/1) D:4
   Lair: D:8-11         Orc: D:9-12

Altars:
Ashenzari
Cheibriados
Dithmenos
Elyvilon
Fedhas
Gozag
Hepliaklqana
Kikubaaqudgha
Makhleb
Nemelex Xobeh
Okawaru
Qazlal
Ru
Sif Muna
Trog
Uskayaw
Vehumet
Wu Jian
Xom
Yredelemnul
Zin
The Shining One

Shops:
D:4 *

Annotations:
D:8 2 transporters


Innate Abilities, Weirdness & Mutations

You are too large for most types of armour.
You have claws for hands.
Your natural rate of healing is unusually fast.
You are covered in fur. (AC +1)
You have extremely tough skin. (AC +3)


Message History

A red ugly thing is nearby!
A red ugly thing is nearby!
The red ugly thing gurgles horribly!
You see here 17 gold pieces.
You scratch the red ugly thing but do no damage.
The red ugly thing stings you but does no damage.
You closely miss the red ugly thing. The red ugly thing stings you!
You are engulfed in flames!
You closely miss the red ugly thing. The red ugly thing stings you.
You are engulfed in flames!
You barely miss the red ugly thing. The red ugly thing stings you!
You are engulfed in flames!
* * * LOW HITPOINT WARNING * * *
You claw the red ugly thing!
The red ugly thing is lightly wounded.
The red ugly thing completely misses you.
The red ugly thing stings you.
* * * LOW HITPOINT WARNING * * *
You are engulfed in flames!!
You die...

.. ..... # ...... .##
.......## #..#
.........## #..#
...........## ##..#
............## ##$.#
..............## ##..##
.##.........<..#@##
##..##
..............###u###..##
...............##..#..##
....................(##
........#..#...###...#
........#.###.## ##....
..........##### ##...#
............# #####
............###


You could see a red ugly thing.

Vanquished Creatures
  An unseen horror (D:10)
  A manticore (D:10)
  A centaur zombie (D:6)
  Maggie (D:7)
  A troll (D:9)
  Prince Ribbit (D:7)
  Sigmund (D:3)
  A wraith (D:10)
  A yak (D:9)
  Menkaure (D:7)
  Edmund (D:3)
  A water moccasin (D:7)
  6 orc warriors
  2 sky beasts
  An ice beast (D:9)
  2 phantoms
  2 necrophages
  3 ogres
  2 centaurs
  3 big kobolds
  3 bullfrogs
  4 scorpions
  9 killer bees
  14 wights
  An electric eel (D:6)
  3 howler monkeys
  A bullfrog zombie (D:5)
  2 quasits
  A centaur skeleton (D:8)
  4 hounds
  4 jellies
  Crazy Yiuf (D:7)
  5 orc priests
  4 iguanas
  Jessica (D:3)
  Natasha (twice) (D:3)
  18 orc wizards
  8 worker ants
  A hound zombie (D:6)
  A hound skeleton (D:10)
  A howler monkey zombie (D:5)
  2 worker ant zombies
  7 gnolls
  15 adders
  4 shadow imps
  4 white imps
  2 ufetubi
  2 worms
  2 adder skeletons
  2 dart slugs (D:1)
  8 leopard geckos
  65 orcs
  6 bats
  2 giant cockroaches
  7 goblins
  7 hobgoblins
  6 jackals
  3 quokkas
  4 ball pythons
  5 frilled lizards
  52 kobolds
  A leopard gecko skeleton (D:5)
  6 rats
333 creatures vanquished.

Vanquished Creatures (others)
  An orc (D:9)
  2 plants (D:6)
3 creatures vanquished.

Grand Total: 336 creatures vanquished

Notes
Turn   | Place    | Note
-------+----------+-------------------------------------------
     0 | D:1      | KristoblXynda the Troll Hedge Wizard began the quest for
                  | the Orb.
     0 | D:1      | Reached XP level 1. HP: 16/16 MP: 2/2
   115 | D:1      | Reached skill level 1 in Conjurations
   115 | D:1      | Reached XP level 2. HP: 24/24 MP: 4/4
   176 | D:1      | Reached skill level 1 in Unarmed Combat
   508 | D:1      | Reached XP level 3. HP: 26/31 MP: 5/5
  1562 | D:2      | Reached XP level 4. HP: 39/39 MP: 6/6
  1713 | D:3      | Reached skill level 2 in Unarmed Combat
  1760 | D:3      | Found a hazy altar of Hepliaklqana.
  1763 | D:3      | Found a hide-covered altar of Uskayaw.
  1766 | D:3      | Found an ancient bone altar of Kikubaaqudgha.
  1770 | D:3      | Found a shadowy altar of Dithmenos.
  1772 | D:3      | Found an iron altar of Okawaru.
  1773 | D:3      | Found a shimmering blue altar of Sif Muna.
  1824 | D:3      | Found a white marble altar of Elyvilon.
  2136 | D:3      | Noticed Jessica
  2142 | D:3      | Killed Jessica
  2143 | D:3      | Reached XP level 5. HP: 41/45 MP: 7/7
  2262 | D:3      | Noticed Sigmund
  2274 | D:3      | Killed Sigmund
  2275 | D:3      | Reached skill level 3 in Unarmed Combat
  2275 | D:3      | Reached XP level 6. HP: 23/53 MP: 8/8
  2579 | D:3      | Noticed Natasha
  2590 | D:3      | Killed Natasha
  2883 | D:3      | Reached skill level 4 in Unarmed Combat
  2883 | D:3      | Reached XP level 7. HP: 19/59 MP: 9/9
  3385 | D:4      | Found Riola's General Store.
  3391 | D:4      | Noticed Edmund
  3425 | D:3      | Noticed Natasha
  3430 | D:3      | Killed Natasha
  3899 | D:4      | Reached skill level 5 in Unarmed Combat
  3945 | D:4      | Bought a potion of invisibility for 88 gold pieces
  3945 | D:4      | Bought a potion of heal wounds for 55 gold pieces
  3945 | D:4      | Bought a scroll of identify for 22 gold pieces
  3969 | D:3      | Reached XP level 8. HP: 67/67 MP: 10/10
  4100 | D:3      | Killed Edmund
  4206 | D:4      | Found a staircase to the Ecumenical Temple.
  4263 | Temple   | Entered the Ecumenical Temple
  4449 | D:4      | Found a basalt altar of Yredelemnul.
  4503 | D:4      | Found a white marble altar of Elyvilon.
  4692 | D:5      | Entered Level 5 of the Dungeon
  4715 | D:5      | Reached skill level 5 in Dodging
  5315 | D:5      | Reached skill level 6 in Unarmed Combat
  6075 | D:6      | Reached skill level 5 in Conjurations
  6216 | D:6      | Reached XP level 9. HP: 30/74 MP: 9/11
  7003 | D:6      | Reached skill level 7 in Unarmed Combat
  7236 | D:7      | Learned a level 3 spell: Conjure Flame
  7339 | D:7      | Noticed Prince Ribbit
  7340 | D:7      | Noticed Maggie
  7364 | D:7      | Killed Maggie
  7366 | D:7      | Killed Prince Ribbit
  7463 | D:7      | Found a runed translucent door.
  7464 | D:7      | Noticed Crazy Yiuf
  7470 | D:7      | Killed Crazy Yiuf
  7525 | D:7      | Noticed Menkaure
  7533 | D:7      | Killed Menkaure
  7534 | D:7      | Reached skill level 8 in Unarmed Combat
  8009 | D:8      | Reached XP level 10. HP: 51/81 MP: 12/12
  8210 | D:8      | Found a radiant altar of Vehumet.
  8277 | D:8      | Found a blossoming altar of Fedhas.
  8580 | D:8      | Found a transporter.
  8580 | D:8      | Found a transporter.
  8582 | D:8      | Noticed a tengu warrior
  8582 | D:8      | Noticed a fire dragon
  8602 | D:8      | Found a burning altar of Makhleb.
  9034 | D:8      | Noticed a lindwurm
  9037 | D:8      | Noticed a guardian serpent
  9037 | D:8      | a lindwurm changed into a guardian serpent
  9039 | D:8      | Found a broken altar of Ashenzari.
  9052 | D:8      | a guardian serpent changed into a komodo dragon
  9053 | D:8      | Noticed a harpy
  9053 | D:8      | a komodo dragon changed into a harpy
  9139 | D:9      | Found a sacrificial altar of Ru.
  9164 | D:9      | Reached skill level 9 in Unarmed Combat
 10037 | D:10     | Entered Level 10 of the Dungeon
 10037 | D:10     | Noticed a two-headed ogre
 10044 | D:9      | Learned a level 3 spell: Mephitic Cloud
 10197 | D:10     | Killed an unseen horror
 10211 | D:10     | Noticed a manticore
 10222 | D:10     | Killed a manticore
 10223 | D:10     | Reached XP level 11. HP: 54/88 MP: 13/13
 10297 | D:10     | Noticed a red ugly thing
 10313 | D:10     | Slain by a red ugly thing

Illustrated notes

Levels and vault maps discovered:
D:1:      tarquinn_simple_flora_water_e, layout_basic
D:2:      minmay_door_path, layout_loops_corners, roderic_lattice_a,
          minmay_misc_feat_pillars, minmay_tiny_reverse_x
D:3:      minmay_goblin_kobold_castle, layout_loops_corners, minitemple,
          elyvilon_altar_3, uniq_sigmund, uniq_natasha, uniq_jessica
D:4:      layout_rooms, kennysheep_ying_yang,
          minmay_temple_entry_statues_fountains, serial_shops,
          nicolae_shop_stone, uniq_edmund
D:5:      layout_loops_corners, grunt_ministairs_15, glass_columns_a
D:6:      layout_cave_pods, serial_bayou_ford_a
D:7:      layout_cave_pools, serial_column_ruins, column_ruins_hut,
          column_ruins_columns_plus, column_ruins_grid_2,
          column_ruins_open_tiny, column_ruins_open_small,
          column_ruins_corridor_straight, column_ruins_open_tiny,
          column_ruins_columns_straight, uniq_crazy_yiuf_cottage,
          uniq_prince_ribbit1, uniq_menkaure, uniq_maggie
D:8:      layout_basic, gammafunk_temple_overflow_arena, basic_altar,
          fedhas_altar_1
D:9:      layout_rooms, nicolae_ru_awakened_eye, special_room
          [special_room_orc], kennysheep_generic_room_8
D:10:     layout_cave_pools, minmay_diamond_spiral
Temple:   jpeg_temple_clearing

Skill      XL: |  1  2  3  4  5  6  7  8  9 10 |
---------------+-------------------------------+-----
Conjurations   | 1 2 3 4 5 6 7 |  7.6
Unarmed Combat | 1 2 3 4 5 6 8 9 |  9.8
Dodging        | 2 3 4 5 7 8 |  8.5
Stealth        | |  1.0
Spellcasting   | |  2.0
Summonings     | |  0.6
Translocations | |  0.6

Action                   |  1- 3 |  4- 6 |  7- 9 | 10-12 || total
-------------------------+-------+-------+-------+-------++-------
Melee: Unarmed           |   115 |   198 |   508 |   367 ||  1188
       Punch             |       |     2 |    12 |    16 ||    30
 Cast: Magic Dart        |       |       |    29 |     4 ||    33
  Use: Scroll            |       |    10 |     5 |     4 ||    19
       Potion            |       |     2 |     5 |     1 ||     8
 Stab: Sleeping          |     3 |       |     2 |     1 ||     6
       Distracted        |       |       |     1 |       ||     1
Armor: Robe              |    31 |    90 |   102 |       ||   223
       Skin              |       |       |    33 |       ||    33
       Steam dragon scal |       |       |    32 |   117 ||   149
Dodge: Dodged            |    60 |   249 |   495 |   418 ||  1222
       Repelled          |       |       |       |     5 ||     5

Table legend: (Time is in decaauts)
 A = Elapsed time spent in this place.
 B = Non-inter-level travel time spent in this place.
 C = Inter-level travel time spent in this place.
 D = Time resting spent in this place.
 E = Time spent auto-exploring this place.
 F = Levels seen in this place.
 G = Mean time per level.
                   A        B        C        D        E       F      G
               +--------+--------+--------+--------+--------+-----+--------+
         Total |  10228 |   9923 |    305 |   1860 |   5295 |  11 |  929.8 |
       Dungeon |  10107 |   9810 |    297 |   1860 |   5184 |  10 | 1010.7 |
        Temple |    120 |    112 |      8 |      0 |    111 |   1 |  120.0 |
               +--------+--------+--------+--------+--------+-----+--------+

Top non-repeatable levels by time:
     D:3: 2198 daAuts
     D:5: 1301 daAuts
     D:8: 1077 daAuts
     D:6: 1076 daAuts
     D:9: 996 daAuts
     D:2: 948 daAuts
     D:7: 873 daAuts
     D:1: 733 daAuts
     D:4: 696 daAuts
    D:10: 207 daAuts
  Temple: 120 daAuts
